 Dungeon Crawl Stone Soup version 0.18.1-48-g4cf74bf (webtiles) character file.

55 kosy22 the Conjurer (level 3, -1/26 HPs)
             Began as a Draconian Conjurer on Aug 18, 2016.
             Slain by an ogre
             ... wielding a +0 giant club
              (22 damage)
             ... on level 3 of the Dungeon.
             The game lasted 00:10:28 (1930 turns).

kosy22 the Conjurer (Draconian Conjurer)            Turns: 1930, Time: 00:10:29

Health: -1/26      AC:  5    Str: 10    XL:     3   Next: 67%
Magic:  2/6        EV: 12    Int: 16    God:
Gold:   78         SH:  0    Dex: 11    Spells: 2 memorised, 3 levels left

rFire  . . .     SeeInvis .     (no weapon)
rCold  . . .     Gourm    .     (armour unavailable)
rNeg   . . .     Faith    .     (no shield)
rPois  .         Spirit   .     (helmet restricted)
rElec  .         Dismiss  .     (no cloak)
rCorr  .         Reflect  .     (no gloves)
SustAt .         Harm     .     (no boots)
MR     .....                    (no amulet)
Stlth  ++........               (no ring)
                                (no ring)

@: not resistant to hostile enchantments, unstealthy
A: unfitting armour, cold-blooded, AC +5
a: no special abilities


You were on level 3 of the Dungeon.
You were not hungry.

You visited 1 branch of the dungeon, and saw 3 of its levels.

You collected 78 gold pieces.

Inventory:

Scrolls
 c - a scroll of identify
 d - a scroll of recharging
Potions
 b - a potion of curing {unknown}
 e - a potion of berserk rage {unknown}
 f - a potion of mutation {unknown}
 h - 2 potions of heal wounds
 i - a potion of ambrosia {unknown}
Books
 a - a book of Conjurations

   Spells                             Type                      Level
   a - Magic Dart                     Conjuration                  1
   b - Searing Ray                    Conjuration                  2
   c - Dazzling Spray                 Conjuration/Hexes            3
   d - Fulminant Prism                Conjuration/Hexes            4
   e - Iskenderun's Mystic Blast      Conjuration                  4
   f - Iskenderun's Battlesphere      Conjuration/Charms           5
Comestibles
 j - a royal jelly


   Skills:
 + Level 0.2 Fighting
 + Level 2.6 Dodging
 + Level 1.7 Stealth
 + Level 0.2 Unarmed Combat
 + Level 2.2 Spellcasting
 + Level 4.7 Conjurations


You had 3 spell levels left.
You knew the following spells:

 Your Spells              Type           Power        Failure   Level  Hunger
a - Magic Dart            Conj           ###.         3%          1    #......
b - Searing Ray           Conj           ###...       6%          2    ###....


Dungeon Overview and Level Annotations

Branches:
Dungeon (3/15)

Altars:
Cheibriados

Annotations:
D:3 Terence


Innate Abilities, Weirdness & Mutations

Your plain brown scales are hard (AC +5).
Your body does not fit into most forms of armour.
You are cold-blooded and may be slowed by cold attacks.


Message History

You kill the orc!
The bat closely misses you. The bat hits you but does no damage.
The searing ray misses the ogre.
The bat hits you but does no damage.
Terence says, "You're history."
The bat hits you but does no damage. The bat closely misses you.
The bat misses you. The bat completely misses you. The bat barely misses you.
The bat hits you but does no damage. The bat hits you but does no damage.
The bat barely misses you. The bat hits you but does no damage.
You hit the bat but do no damage. The bat barely misses you. x2
The bat hits you but does no damage. The bat misses you.
The bat barely misses you. The bat hits you but does no damage.
You miss the bat.
The bat closely misses you. x2; The ogre closely misses you.
The bat closely misses you. The bat misses you. The bat closely misses you.
The ogre hits you with a giant club!!
Ouch! That really hurt!
You die...

#.##.# #.# #.# #§# #.#*,. #.##.#
#.#****###.# #b# #.#*.# #.##.#
#..,,,,.##†# #.# #.##.# #.##.#
******#.##.###.###.#... ###.##.#
##.#..........<<..
#......####***##.....###.#####...
#..........,,........@...# *#.#
#....######**###..###.#### *..
#.#.############@b# #.# *,#
#.#...Ko.O.....#.O###.# *,,
#.....###......b...@..# *,*
#.#.#.#*#.##...#.###### **,
#......*#)######.# **
#.#.#.<....,,,,..# *
#......##[#***#### ###.##.#...*
*#.,,#.#.#*


You could see an ogre, Terence and 2 bats.

Vanquished Creatures
  An adder (D:2)
  2 worms (D:2)
  A dart slug (D:1)
  A giant gecko (D:2)
  An orc (D:3)
  2 ball pythons
  8 bats
  2 giant cockroaches
  4 goblins
  3 hobgoblins
  5 kobolds
  2 giant newts
  3 rats (D:1)
35 creatures vanquished.

Notes
Turn   | Place    | Note
--------------------------------------------------------------
     0 | D:1      | kosy22 the Draconian Conjurer began the quest for the Orb.
     0 | D:1      | Reached XP level 1. HP: 14/14 MP: 3/3
   207 | D:1      | Reached XP level 2. HP: 18/20 MP: 1/5
   435 | D:1      | Learned a level 2 spell: Searing Ray
   997 | D:2      | Reached XP level 3. HP: 22/26 MP: 1/6
  1428 | D:2      | Found a snail-covered altar of Cheibriados.
  1742 | D:3      | Noticed Terence
  1825 | D:3      | Noticed an ogre
  1930 | D:3      | Slain by an ogre

Skill      XL: |  1  2 |
---------------+-------+-----
Dodging        | 2 |  2.6
Fighting       | |  0.2
Stealth        | |  1.7
Unarmed Combat | |  0.2
Spellcasting   | |  2.2
Conjurations   | |  4.7

Action                   || total
-------------------------++-------
Melee: Unarmed           ||    81
       Tailslap          ||    11
       Punch             ||     1
 Cast: Magic Dart        ||    42
       Searing Ray       ||    10
  Use: Scroll            ||     7
  Eat: Bread ration      ||     1
Armor: Skin              ||    80
Dodge: Dodged            ||   155
